[Event "7th Paul Keres Memorial Festival 2026 Rapid"]
[Site "ESTONIA Resort Hotel & Spa conference center, EE"]
[Date "2026.08.02"]
[Round "6"]
[White "Keinanen, Toivo"]
[Black "Beniosev, Daniel"]
[Result "1-0"]
[Board "4"]
[TimeControl "12+3"]
[WhiteFideId "509825"]
[BlackFideId "11632674"]
[WhiteElo "2585"]
[BlackElo "2223"]
[WhiteTitle "IM"]
[BlackTitle "CM"]
[WhiteClock "0:02:32"]
[BlackClock "0:02:18"]
[Variant "Standard"]
[EndDate "2026.08.02"]
[EndTime "11:02:14"]

1. d4 Nf6 2. Nf3 d5 3. e3 c5 4. c3 Nc6 5. dxc5 a5 6. Bb5 Bd7 7. a4 e6 8. b4 axb4 9. Bxc6 bxc6 10. cxb4 Qb8 11. Qd4 Be7 12. Bb2 Nh5 13. Ne5 Bf6 14. f4 Bxe5 15. fxe5 g6 16. Nd2 Qd8 17. O-O O-O 18. Rf2 Ng7 19. e4 Bc8 20. h3 dxe4 21. Qxe4 Qd5 22. Qf4 Qd3 23. Ne4 Nf5 24. Nf6+ Kg7 25. g4 Ne7 26. Bc1 Ng8 27. Ra3 Qd1+ 28. Rf1 Qd8 29. Qe4 Ba6 30. Bg5 Bxf1 31. Nh5+ gxh5 32. Bxd8 Raxd8 33. Kxf1 Rd1+ 34. Kg2 Rfd8 35. Rf3 h4 36. Qf4 R8d2+ 37. Rf2 Rd3 38. Qg5+ Kh8 39. Qxh4 1-0

[Event "7th Paul Keres Memorial Festival 2026 Rapid"]
[Site "ESTONIA Resort Hotel & Spa conference center, EE"]
[Date "2026.08.02"]
[Round "6"]
[White "Harikrishnan.A.Ra"]
[Black "Lain, Sander"]
[Result "1-0"]
[Board "5"]
[TimeControl "12+3"]
[WhiteFideId "5081483"]
[BlackFideId "4511077"]
[WhiteElo "2404"]
[BlackElo "2099"]
[WhiteTitle "GM"]
[WhiteClock "0:02:04"]
[BlackClock "0:00:07"]
[Variant "Standard"]
[EndDate "2026.08.02"]
[EndTime "11:05:41"]

1. Nf3 Nf6 2. g3 d5 3. Bg2 g6 4. O-O Bg7 5. d4 O-O 6. c4 c6 7. Qa4 Nbd7 8. cxd5 Nb6 9. Qb3 Nbxd5 10. Nc3 Rb8 11. Nxd5 Nxd5 12. e4 Nf6 13. Bf4 Ra8 14. Rfe1 Qb6 15. Qa3 Bg4 16. Be5 Rfe8 17. Nd2 Be6 18. Rac1 Bh6 19. Nc4 Qb5 20. Ne3 Ng4 21. Rc5 Qb6 22. Nxg4 Bxg4 23. h3 Bd7 24. Bf4 Bf8 25. Qc3 e5 26. Bxe5 Bxc5 27. dxc5 Qd8 28. Bf6 Qc7 29. Qd2 Re6 30. e5 Qc8 31. Rd1 Rxf6 32. exf6 Be6 33. b4 Qf8 34. h4 h5 35. Bf3 Kh7 36. a3 a5 37. Qg5 axb4 38. axb4 Qh6 39. b5 Ra5 40. bxc6 bxc6 41. Qe5 Qf8 42. Rd6 Ra3 43. Be4 Kg8 44. Rxe6 fxe6 45. Bxg6 Ra7 46. f7+ Rxf7 47. Qxe6 1-0

[Event "7th Paul Keres Memorial Festival 2026 Rapid"]
[Site "ESTONIA Resort Hotel & Spa conference center, EE"]
[Date "2026.08.02"]
[Round "6"]
[White "Kubicka, Anna"]
[Black "Mayorau, Mikita"]
[Result "0-1"]
[Board "6"]
[TimeControl "12+3"]
[WhiteFideId "1152254"]
[BlackFideId "13501720"]
[WhiteElo "2105"]
[BlackElo "2392"]
[WhiteTitle "WIM"]
[BlackTitle "GM"]
[WhiteClock "0:00:07"]
[BlackClock "0:03:21"]
[Variant "Standard"]
[EndDate "2026.08.02"]
[EndTime "11:04:53"]

1. e4 d6 2. d4 Nf6 3. Nc3 g6 4. Nf3 Bg7 5. Be2 O-O 6. O-O Bg4 7. h3 Bxf3 8. Bxf3 Nc6 9. Ne2 e5 10. d5 Ne7 11. g3 Nd7 12. Bg2 Kh8 13. Be3 f5 14. exf5 gxf5 15. f4 Ng6 16. c3 Qe7 17. Qd2 Rae8 18. Rae1 Qf7 19. Kh2 e4 20. b4 Nb6 21. Bxb6 axb6 22. c4 Ra8 23. Nd4 Bxd4 24. Qxd4+ Qg7 25. Qxg7+ Kxg7 26. Rf2 Ra4 27. Rb2 Rfa8 28. Ree2 Ra3 29. c5 Kf6 30. cxd6 cxd6 31. Rec2 h5 32. h4 Ne7 33. Rc7 Nxd5 34. Rd7 Ke6 35. Rh7 Rxa2 36. Rxa2 Rxa2 37. Kg1 Ra1+ 38. Kf2 e3+ 39. Kf3 Ra2 40. Rh6+ Kf7 41. g4 hxg4+ 42. Kg3 Nf6 43. h5 e2 44. Kf2 e1=Q+ 45. Kxe1 Rxg2 46. Rh8 Rh2 47. Rb8 Nxh5 48. Rxb7+ Ke6 49. Rh7 g3 50. Kf1 Nxf4 0-1

[Event "7th Paul Keres Memorial Festival 2026 Rapid"]
[Site "ESTONIA Resort Hotel & Spa conference center, EE"]
[Date "2026.08.02"]
[Round "6"]
[White "Jakubowski, Krzysztof"]
[Black "Povilaitis, Tomas"]
[Result "0-1"]
[Board "7"]
[TimeControl "12+3"]
[WhiteFideId "1112848"]
[BlackFideId "12811700"]
[WhiteElo "2365"]
[BlackElo "2154"]
[WhiteTitle "GM"]
[WhiteClock "0:00:05"]
[BlackClock "0:00:11"]
[Variant "Standard"]
[EndDate "2026.08.02"]
[EndTime "11:09:41"]

1. e4 c5 2. Nf3 Nc6 3. d4 cxd4 4. Nxd4 e5 5. Nb5 d6 6. N1c3 a6 7. Na3 b5 8. Nd5 Nge7 9. c4 Nxd5 10. cxd5 Nd4 11. Be3 Be7 12. Bd3 O-O 13. O-O f5 14. Bxd4 exd4 15. exf5 Bxf5 16. Nc2 Qb6 17. Bxf5 Rxf5 18. Nxd4 Re5 19. Nc6 Bf6 20. Nxe5 Bxe5 21. Qd2 Rf8 22. g3 Bd4 23. Rae1 Qc5 24. Re2 Rf5 25. Rc1 Qxd5 26. Rd1 Qf3 27. Re8+ Kf7 28. Qxd4 Kxe8 29. Rd3 Qc6 30. Qxg7 Qc1+ 31. Kg2 Qc6+ 32. Kh3 Rh5+ 33. Kg4 Qe4+ 34. Kxh5 Qxd3 35. f4 d5 36. Qe5+ Kf7 37. f5 d4 38. Qe6+ Kf8 39. Qf6+ Kg8 40. Qd8+ Kf7 41. Qd7+ Kg8 42. Qe8+ Kg7 43. Qe7+ Kg8 44. Qe6+ Kf8 45. Qd6+ Kf7 46. Qd5+ Kg7 47. Qe5+ Kf7 48. Qe6+ Kf8 49. h4 Qe3 50. Qd6+ Kf7 51. Qd5+ Kf6 52. Qd6+ Kxf5 53. Qd5+ Kf6 54. Qd8+ Ke5 55. Qe7+ Kd5 56. Qd7+ Kc4 57. Qc7+ Kd5 58. Qd7+ Ke5 59. Qe7+ Kd5 60. Qd7+ Ke4 61. Qxh7+ Kf3 62. Qf5+ Kxg3 63. Qg5+ Kf2 64. Qc5 d3 65. Qc3 d2 0-1

[Event "7th Paul Keres Memorial Festival 2026 Rapid"]
[Site "ESTONIA Resort Hotel & Spa conference center, EE"]
[Date "2026.08.02"]
[Round "6"]
[White "Viskelis, Darius"]
[Black "Maltsevskaya, Aleksandra"]
[Result "0-1"]
[Board "8"]
[TimeControl "12+3"]
[WhiteFideId "12800830"]
[BlackFideId "24174041"]
[WhiteElo "2017"]
[BlackElo "2369"]
[WhiteTitle "FM"]
[BlackTitle "IM"]
[WhiteClock "0:00:07"]
[BlackClock "0:00:13"]
[Variant "Standard"]
[EndDate "2026.08.02"]
[EndTime "11:08:08"]

1. e4 c5 2. Nf3 e6 3. c3 d5 4. e5 d4 5. d3 Nc6 6. g3 Nge7 7. Bg2 Ng6 8. Qe2 Qc7 9. Na3 dxc3 10. bxc3 a6 11. O-O Be7 12. Nc4 O-O 13. a4 Bd7 14. h4 b5 15. axb5 axb5 16. Rxa8 Rxa8 17. Nd6 Ngxe5 18. Nxb5 Nxf3+ 19. Bxf3 Qb6 20. Na3 Rd8 21. Nc4 Qb3 22. Bxc6 Bxc6 23. Na5 Qd5 24. Nxc6 Qxc6 25. c4 Bf6 26. Bg5 Bxg5 27. hxg5 Qd6 28. Rd1 Qd4 29. Qe3 Qd6 30. Rb1 g6 31. Rb3 Kg7 32. Qf3 Qe5 33. Rb7 Qf5 34. Qxf5 gxf5 35. Rb3 Kg6 36. f4 Kh5 37. Kf2 Kg4 38. Ke3 Kxg3 39. Rb7 e5 40. fxe5 f4+ 41. Ke2 f3+ 42. Ke3 Re8 43. d4 cxd4+ 44. Kxd4 Rf8 45. Ke3 f2 46. Rb1 Re8 47. Ke4 Rc8 48. Kd5 Rd8+ 49. Ke4 Rd2 50. c5 Re2+ 51. Kd3 Re1 52. Kd4 0-1

[Event "7th Paul Keres Memorial Festival 2026 Rapid"]
[Site "ESTONIA Resort Hotel & Spa conference center, EE"]
[Date "2026.08.02"]
[Round "7"]
[White "Lagarde, Maxime"]
[Black "Kazakouski, Valery"]
[Result "1/2-1/2"]
[Board "1"]
[TimeControl "12+3"]
[WhiteFideId "662399"]
[BlackFideId "13507443"]
[WhiteElo "2599"]
[BlackElo "2528"]
[WhiteTitle "GM"]
[BlackTitle "GM"]
[WhiteClock "0:00:13"]
[BlackClock "0:00:11"]
[Variant "Standard"]
[EndDate "2026.08.02"]
[EndTime "11:46:29"]

1. e4 e5 2. Nf3 Nc6 3. Bc4 d6 4. O-O Be7 5. d4 Nf6 6. d5 Nb8 7. Nc3 c6 8. a4 a5 9. Qe2 O-O 10. h3 Nbd7 11. Be3 cxd5 12. Bxd5 Nxd5 13. Nxd5 Nf6 14. Nxf6+ Bxf6 15. c4 Be7 16. Rfd1 Qe8 17. Rd2 Qc6 18. Bg5 f6 19. Bh4 Bd8 20. b3 Bb6 21. Ne1 Bc5 22. g4 h5 23. Kh2 g5 24. gxh5 Qd7 25. Qf3 gxh4 26. Ng2 Qh7 27. Nxh4 Kf7 28. Ng6 Qh6 29. Rad1 Be6 30. Rxd6 Bxd6 31. Rxd6 Rae8 32. Rb6 Kg7 33. Nxf8 Kxf8 34. Rxb7 Re7 35. Rb8+ Kf7 36. Rb5 Ra7 37. Rxe5 Ke7 38. Rb5 Bd7 39. Rb6 Qg5 40. h6 Ra8 41. Qg3 Qxg3+ 42. Kxg3 Rg8+ 43. Kf4 Rg6 44. h7 Rh6 45. e5 Rh4+ 46. Ke3 Rxh3+ 47. Kd4 Rh4+ 48. Kd5 fxe5 49. Kxe5 Rh5+ 50. Kd4 Rxh7 51. Ke4 1/2-1/2

[Event "7th Paul Keres Memorial Festival 2026 Rapid"]
[Site "ESTONIA Resort Hotel & Spa conference center, EE"]
[Date "2026.08.02"]
[Round "7"]
[White "Maltsevskaya, Aleksandra"]
[Black "Shirov, Alexei"]
[Result "1-0"]
[Board "2"]
[TimeControl "12+3"]
[WhiteFideId "24174041"]
[BlackFideId "2209390"]
[WhiteElo "2369"]
[BlackElo "2616"]
[WhiteTitle "IM"]
[BlackTitle "GM"]
[WhiteClock "0:00:07"]
[BlackClock "0:00:09"]
[Variant "Standard"]
[EndDate "2026.08.02"]
[EndTime "11:46:28"]

1. e4 c5 2. Nc3 e6 3. d4 cxd4 4. Qxd4 Nc6 5. Qe3 Nf6 6. Nf3 d5 7. exd5 Nxd5 8. Nxd5 Qxd5 9. Bd3 Nb4 10. Be4 f5 11. Bxd5 Nxc2+ 12. Kd1 Nxe3+ 13. Bxe3 exd5 14. Re1 Kf7 15. Rc1 Bd6 16. Bd4 Rd8 17. Be5 Bb4 18. Bc3 Bd6 19. Be5 Bb4 20. Re3 d4 21. Bxd4 Bd6 22. Rd3 Bd7 23. Be5 Ba4+ 24. b3 Be7 25. Bd4 Bb5 26. Rd2 Bd6 27. Be5 Bxe5 28. Nxe5+ Kf6 29. f4 g5 30. g3 gxf4 31. gxf4 Rxd2+ 32. Kxd2 Rg8 33. Rc7 Rg2+ 34. Ke3 Ba6 35. Rxh7 Rxa2 36. Rh6+ Ke7 37. h4 Rb2 38. h5 Rxb3+ 39. Kd4 Rh3 40. Rh7+ Kf6 41. h6 Rh1 42. Rf7+ Ke6 43. h7 Be2 44. Rxb7 a5 45. Rb6+ Ke7 46. Ng6+ 1-0

[Event "7th Paul Keres Memorial Festival 2026 Rapid"]
[Site "ESTONIA Resort Hotel & Spa conference center, EE"]
[Date "2026.08.02"]
[Round "7"]
[White "Laurusas, Tomas"]
[Black "Keinanen, Toivo"]
[Result "1-0"]
[Board "3"]
[TimeControl "12+3"]
[WhiteFideId "12803731"]
[BlackFideId "509825"]
[WhiteElo "2462"]
[BlackElo "2585"]
[WhiteTitle "GM"]
[BlackTitle "IM"]
[WhiteClock "0:01:27"]
[BlackClock "0:00:07"]
[Variant "Standard"]
[EndDate "2026.08.02"]
[EndTime "11:45:17"]

1. d4 d5 2. c4 e6 3. Nc3 Be7 4. Nf3 Nf6 5. g3 O-O 6. Bg2 Nbd7 7. Qd3 b6 8. cxd5 exd5 9. O-O Bb7 10. Bf4 c5 11. dxc5 bxc5 12. Ne5 Nb6 13. Rfd1 Re8 14. Qc2 Bd6 15. Nd3 c4 16. Ne1 Bxf4 17. gxf4 Qc7 18. e3 Nbd7 19. Nxd5 Nxd5 20. Bxd5 Nb6 21. Bxb7 Qxb7 22. Rd6 Rac8 23. Rad1 g6 24. h4 Rc5 25. Rd8 Rxd8 26. Rxd8+ Kg7 27. Qc3+ f6 28. Qd4 Rf5 29. Qd6 Qf7 30. e4 Rb5 31. Nf3 Kh6 32. f5 gxf5 33. Qd2+ Kh5 34. Nd4 Qg6+ 35. Kf1 Re5 36. Nxf5 Rxf5 37. exf5 Qxf5 38. Rd4 Qb1+ 39. Kg2 Qg6+ 40. Kh2 Qf5 41. Qf4 Qe6 42. Rd6 Qe5 43. Rxf6 1-0

[Event "7th Paul Keres Memorial Festival 2026 Rapid"]
[Site "ESTONIA Resort Hotel & Spa conference center, EE"]
[Date "2026.08.02"]
[Round "7"]
[White "Mayorau, Mikita"]
[Black "Harikrishnan.A.Ra"]
[Result "1/2-1/2"]
[Board "4"]
[TimeControl "12+3"]
[WhiteFideId "13501720"]
[BlackFideId "5081483"]
[WhiteElo "2392"]
[BlackElo "2404"]
[WhiteTitle "GM"]
[BlackTitle "GM"]
[WhiteClock "0:01:51"]
[BlackClock "0:03:09"]
[Variant "Standard"]
[EndDate "2026.08.02"]
[EndTime "11:41:31"]

1. d4 Nf6 2. c4 g6 3. g3 Bg7 4. Bg2 O-O 5. Nc3 d6 6. Nf3 c6 7. O-O Bf5 8. b3 Ne4 9. Bb2 Nxc3 10. Bxc3 Be4 11. e3 e6 12. Qe2 d5 13. Rfd1 Nd7 14. Bf1 Bxf3 15. Qxf3 Nf6 16. Bd3 Qc7 17. Rac1 Rad8 18. a4 Rfe8 19. b4 dxc4 20. Bxc4 Nd5 21. Be1 a6 22. b5 axb5 23. axb5 Qd6 24. bxc6 bxc6 25. Bb3 Qa3 26. Bc4 h5 27. Be2 Rc8 28. Rc2 c5 29. Rdc1 Bf8 30. e4 Qxf3 31. Bxf3 Nc7 32. dxc5 Nb5 33. Kg2 Nd4 34. Rc3 Rc6 35. Bd2 Rec8 36. Be3 e5 37. Bxd4 exd4 38. Rd3 Rxc5 39. Rxc5 Bxc5 40. Be2 Rb8 41. Bd1 Re8 42. Kf3 1/2-1/2

[Event "7th Paul Keres Memorial Festival 2026 Rapid"]
[Site "ESTONIA Resort Hotel & Spa conference center, EE"]
[Date "2026.08.02"]
[Round "7"]
[White "Povilaitis, Tomas"]
[Black "Ter-Avetisjana, Agnesa Stepania"]
[Result "1-0"]
[Board "5"]
[TimeControl "12+3"]
[WhiteFideId "12811700"]
[BlackFideId "11614900"]
[WhiteElo "2154"]
[BlackElo "2160"]
[BlackTitle "WIM"]
[WhiteClock "0:01:18"]
[BlackClock "0:00:06"]
[Variant "Standard"]
[EndDate "2026.08.02"]
[EndTime "11:44:58"]

1. e4 c6 2. c4 d5 3. exd5 cxd5 4. cxd5 Nf6 5. Qa4+ Nbd7 6. Nc3 g6 7. Nf3 Bg7 8. Bc4 O-O 9. d3 Nc5 10. Qd1 a6 11. a4 b6 12. O-O Bb7 13. b4 Nxd5 14. Bxd5 Bxd5 15. d4 Bxf3 16. Qxf3 Nb3 17. Rb1 Nxd4 18. Qe4 Rc8 19. Ne2 Nxe2+ 20. Qxe2 e6 21. Be3 Ra8 22. Rfd1 Qb8 23. b5 axb5 24. Qxb5 Ra5 25. Qd7 Qa8 26. Rb4 Rc8 27. Bxb6 Rd5 28. Rxd5 exd5 29. Rb1 h5 30. a5 Rc2 31. Rd1 Ra2 32. h3 d4 33. Re1 Bf8 34. Qxd4 Qc6 35. Qd8 Kg7 36. Bd4+ f6 37. Rd1 Qa4 38. Qxf6+ Kh7 39. Qh8# 1-0

[Event "7th Paul Keres Memorial Festival 2026 Rapid"]
[Site "ESTONIA Resort Hotel & Spa conference center, EE"]
[Date "2026.08.02"]
[Round "7"]
[White "Merivee, Romet-Renee"]
[Black "Fridman, Daniel"]
[Result "0-1"]
[Board "6"]
[TimeControl "12+3"]
[WhiteFideId "4522540"]
[BlackFideId "11600454"]
[WhiteElo "2098"]
[BlackElo "2555"]
[BlackTitle "GM"]
[WhiteClock "0:07:19"]
[BlackClock "0:10:08"]
[Variant "Standard"]
[EndDate "2026.08.02"]
[EndTime "11:26:25"]

1. e4 e6 2. d4 d5 3. Nc3 Nf6 4. Bg5 dxe4 5. Nxe4 Nbd7 6. Nf3 h6 7. Nxf6+ Nxf6 8. Be3 Bd6 9. Bd3 b6 10. Qe2 O-O 11. O-O-O Bb7 12. Ne5 Nd5 13. Rhg1 c5 14. Nc4 Nf4 15. Qg4 f5 16. Qg3 Nxd3+ 0-1

[Event "7th Paul Keres Memorial Festival 2026 Rapid"]
[Site "ESTONIA Resort Hotel & Spa conference center, EE"]
[Date "2026.08.02"]
[Round "7"]
[White "Dubrovin, Robert"]
[Black "Strekalovs, Ernests"]
[Result "1-0"]
[Board "7"]
[TimeControl "12+3"]
[WhiteFideId "4501829"]
[BlackFideId "11633174"]
[WhiteElo "2268"]
[BlackElo "1817"]
[WhiteClock "0:03:55"]
[BlackClock "0:05:03"]
[Variant "Standard"]
[EndDate "2026.08.02"]
[EndTime "11:37:51"]

1. d4 Nf6 2. c4 e6 3. Nc3 Bb4 4. e3 c5 5. Bd3 cxd4 6. exd4 d5 7. Nf3 O-O 8. cxd5 Nxd5 9. O-O Nxc3 10. bxc3 Bxc3 11. Bxh7+ Kxh7 12. Ng5+ Kg6 13. Qd3+ f5 14. Qxc3 Nc6 15. Qg3 Kf6 16. Nh7+ Kf7 17. Nxf8 Kxf8 18. Ba3+ Kg8 19. Rad1 b6 20. Rfe1 Qd5 21. h4 Ba6 22. h5 Rd8 23. Qg6 Nxd4 24. Bb2 Ne2+ 25. Kh1 1-0

[Event "7th Paul Keres Memorial Festival 2026 Rapid"]
[Site "ESTONIA Resort Hotel & Spa conference center, EE"]
[Date "2026.08.02"]
[Round "7"]
[White "Olde, Grete"]
[Black "Zatonskih, Anna"]
[Result "1-0"]
[Board "8"]
[TimeControl "12+3"]
[WhiteFideId "4503104"]
[BlackFideId "14101572"]
[WhiteElo "1927"]
[BlackElo "2294"]
[WhiteTitle "WCM"]
[BlackTitle "IM"]
[WhiteClock "0:01:02"]
[BlackClock "0:00:22"]
[Variant "Standard"]
[EndDate "2026.08.02"]
[EndTime "11:44:21"]

1. e4 e6 2. d4 d5 3. exd5 exd5 4. Bd3 Nc6 5. c3 Bd6 6. Nf3 Bg4 7. O-O Nge7 8. Re1 Qd7 9. Nbd2 O-O-O 10. b4 Rde8 11. Qa4 Kb8 12. b5 Nd8 13. c4 dxc4 14. Bxc4 Nc8 15. Ne5 Bxe5 16. dxe5 Qf5 17. Bb2 Nb6 18. Qb3 Ne6 19. Ne4 Qg6 20. Bxe6 Bxe6 21. Qg3 Rd8 22. Rac1 Qxg3 23. hxg3 Bxa2 24. e6 fxe6 25. Bxg7 Rhg8 26. Be5 Rc8 27. Nf6 Rg7 28. Red1 Rf7 29. Ne4 Bc4 30. Nc5 Bxb5 31. Nxe6 Bc6 32. Nd8 Bd5 33. Nxf7 Bxf7 34. Rxc7 Rxc7 35. Rd8+ Nc8 36. Rd7 Bg6 1-0

[Event "7th Paul Keres Memorial Festival 2026 Rapid"]
[Site "ESTONIA Resort Hotel & Spa conference center, EE"]
[Date "2026.08.02"]
[Round "7"]
[White "Pakalns, Raivis Kristians"]
[Black "Jakubowski, Krzysztof"]
[Result "0-1"]
[Board "9"]
[TimeControl "12+3"]
[WhiteFideId "11607483"]
[BlackFideId "1112848"]
[WhiteElo "1995"]
[BlackElo "2365"]
[BlackTitle "GM"]
[WhiteClock "0:00:22"]
[BlackClock "0:00:10"]
[Variant "Standard"]
[EndDate "2026.08.02"]
[EndTime "11:46:27"]

1. e4 c5 2. Nc3 e6 3. f4 a6 4. g3 b5 5. Bg2 Bb7 6. d3 Nf6 7. Qe2 d5 8. exd5 Nxd5 9. Nf3 Be7 10. Bd2 O-O 11. O-O Nc6 12. Ne4 Nd4 13. Nxd4 cxd4 14. f5 exf5 15. Rxf5 g6 16. Rff1 Rc8 17. Rac1 Qd7 18. Ng5 Rce8 19. Qf3 Bc5 20. Ne4 Be7 21. Bh6 f5 22. Nd2 Ba8 23. Qf2 Rf7 24. Rce1 Bf6 25. Nb3 Ne3 26. Bxe3 Bxg2 27. Kxg2 dxe3 28. Rxe3 Rxe3 29. Qxe3 Qc6+ 30. Qf3 Qxc2+ 31. Rf2 Qb1 32. Qa8+ Kg7 33. Qxa6 Qxd3 34. Qc6 Re7 35. Nc5 Qe3 36. Qxb5 Bd4 37. Rc2 Qg1+ 38. Kh3 g5 39. Qc6 Bxc5 40. Qxc5 Qf1+ 41. Rg2 Rf7 42. Qf2 g4+ 43. Kh4 Qc1 44. Qf4 Qc6 45. Qg5+ Qg6 46. Qxg6+ hxg6 47. b4 Kf6 48. b5 Rh7# 0-1

[Event "7th Paul Keres Memorial Festival 2026 Rapid"]
[Site "ESTONIA Resort Hotel & Spa conference center, EE"]
[Date "2026.08.02"]
[Round "8"]
[White "Kazakouski, Valery"]
[Black "Maltsevskaya, Aleksandra"]
[Result "1-0"]
[Board "1"]
[TimeControl "12+3"]
[WhiteFideId "13507443"]
[BlackFideId "24174041"]
[WhiteElo "2528"]
[BlackElo "2369"]
[WhiteTitle "GM"]
[BlackTitle "IM"]
[WhiteClock "0:02:38"]
[BlackClock "0:00:05"]
[Variant "Standard"]
[EndDate "2026.08.02"]
[EndTime "12:20:29"]

1. d4 Nf6 2. c4 e6 3. Nc3 d5 4. Bg5 Bb4 5. cxd5 exd5 6. e3 h6 7. Bh4 O-O 8. Bd3 c5 9. a3 Bxc3+ 10. bxc3 cxd4 11. cxd4 Nc6 12. Ne2 Qa5+ 13. Qd2 Nd7 14. Qxa5 Nxa5 15. Be7 Re8 16. Bb4 Nc4 17. Nf4 Ncb6 18. h4 Nf8 19. O-O Ne6 20. Bb5 Bd7 21. Bxd7 Nxd7 22. Nxd5 a5 23. Bd2 b6 24. Rab1 Reb8 25. a4 f6 26. Rfc1 Kf7 27. Rc6 Rc8 28. Rxc8 Rxc8 29. Nxb6 Nxb6 30. Rxb6 Rc4 31. Rb5 Rxa4 32. Rxa5 Rc4 33. h5 Nc7 34. Kf1 Ke6 35. Ke2 Rc2 36. Kd3 Rb2 37. e4 Kd7 38. Ra7 Kc8 39. d5 Kb8 40. Ra4 Kc8 41. g4 Nb5 42. Rb4 Rxb4 43. Bxb4 Kd7 44. Bf8 1-0

[Event "7th Paul Keres Memorial Festival 2026 Rapid"]
[Site "ESTONIA Resort Hotel & Spa conference center, EE"]
[Date "2026.08.02"]
[Round "8"]
[White "Povilaitis, Tomas"]
[Black "Laurusas, Tomas"]
[Result "0-1"]
[Board "2"]
[TimeControl "12+3"]
[WhiteFideId "12811700"]
[BlackFideId "12803731"]
[WhiteElo "2154"]
[BlackElo "2462"]
[BlackTitle "GM"]
[WhiteClock "0:00:07"]
[BlackClock "0:01:49"]
[Variant "Standard"]
[EndDate "2026.08.02"]
[EndTime "12:23:55"]

1. e4 c6 2. c4 d5 3. exd5 cxd5 4. cxd5 Nf6 5. Qa4+ Nbd7 6. Nc3 g6 7. Nf3 Bg7 8. Bc4 O-O 9. d3 a6 10. Qa3 b6 11. O-O Bb7 12. Re1 Re8 13. Be3 b5 14. Bb3 Bf8 15. Qb4 Nb6 16. Bxb6 Qxb6 17. Qf4 Qd6 18. Ne5 Bg7 19. Ne4 Nxe4 20. Qxf7+ Kh8 21. Qxe8+ Rxe8 22. Nf7+ Kg8 23. Nxd6 Nxd6 24. Rac1 Bxb2 25. Rc7 Kf8 26. Kf1 Bd4 27. Re6 Bc8 28. Re2 Bf5 29. Bc2 Bb6 30. Rc6 Rb8 31. h3 a5 32. g4 Bd7 33. Rc3 Bd4 34. Rb3 Rc8 35. Rb1 g5 36. Kg2 Rc5 37. Kg3 h6 38. f4 Bf6 39. fxg5 hxg5 40. Bb3 a4 41. Bc2 Rxd5 42. Rb4 Bc3 43. Rb1 Be5+ 44. Kg2 Bc6 45. Kf2 Bf6 46. Kg3 Rd4 47. Kf2 Rf4+ 48. Kg3 Rf3+ 49. Kh2 Bd5 50. a3 Ke8 51. Rg1 Kd7 52. Rg3 Rf1 53. Rg1 Rxg1 54. Kxg1 Bb2 55. Bxa4 Bd4+ 56. Kh2 bxa4 57. Kg3 Bf6 58. d4 Nb5 59. Rb2 Bb3 60. Rd2 Nxa3 61. d5 Nc4 62. Rd3 Kd6 0-1

[Event "7th Paul Keres Memorial Festival 2026 Rapid"]
[Site "ESTONIA Resort Hotel & Spa conference center, EE"]
[Date "2026.08.02"]
[Round "8"]
[White "Mayorau, Mikita"]
[Black "Lagarde, Maxime"]
[Result "0-1"]
[Board "3"]
[TimeControl "12+3"]
[WhiteFideId "13501720"]
[BlackFideId "662399"]
[WhiteElo "2392"]
[BlackElo "2599"]
[WhiteTitle "GM"]
[BlackTitle "GM"]
[WhiteClock "0:01:33"]
[BlackClock "0:00:07"]
[Variant "Standard"]
[EndDate "2026.08.02"]
[EndTime "12:21:52"]

1. d4 Nf6 2. c4 b6 3. f3 Nc6 4. Nc3 e5 5. d5 Na5 6. e4 c6 7. Be3 Ba6 8. b3 Bb4 9. Nge2 cxd5 10. exd5 Bxc4 11. bxc4 Nxc4 12. Bg5 Rc8 13. Qb3 Qe7 14. Rb1 a5 15. Rc1 Qc5 16. a3 Bxa3 17. Na4 Qb4+ 18. Qxb4 Bxb4+ 19. Kf2 Nxd5 20. Ng3 b5 21. Bxc4 bxc4 22. Rhd1 Ne7 23. Bxe7 Kxe7 24. Nf5+ Ke6 25. Nxg7+ Kf6 26. Nh5+ Ke7 27. Ke2 Rc6 28. Ng3 Ke6 29. Ne4 d5 30. Ng5+ Kf6 31. Rxd5 Kxg5 32. Rxe5+ Kf6 33. Re4 c3 34. Rc2 Rd8 35. Re3 Rd2+ 36. Rxd2 cxd2 37. Nb2 Re6 38. Rxe6+ Kxe6 39. Nd3 Bc3 40. Nc5+ Kd5 41. Ne4 Kd4 42. Kd1 a4 43. Kc2 Bb4 44. Ng5 a3 45. Ne4 d1=Q+ 0-1

[Event "7th Paul Keres Memorial Festival 2026 Rapid"]
[Site "ESTONIA Resort Hotel & Spa conference center, EE"]
[Date "2026.08.02"]
[Round "8"]
[White "Fridman, Daniel"]
[Black "Olde, Grete"]
[Result "1-0"]
[Board "4"]
[TimeControl "12+3"]
[WhiteFideId "11600454"]
[BlackFideId "4503104"]
[WhiteElo "2555"]
[BlackElo "1927"]
[WhiteTitle "GM"]
[BlackTitle "WCM"]
[WhiteClock "0:05:56"]
[BlackClock "0:04:34"]
[Variant "Standard"]
[EndDate "2026.08.02"]
[EndTime "12:10:46"]

1. d4 d5 2. Nf3 Nf6 3. c4 e6 4. g3 Be7 5. Bg2 O-O 6. Nc3 b6 7. Ne5 Bb7 8. O-O Na6 9. Bf4 c5 10. e3 Rc8 11. h4 Ba8 12. Qa4 Nb4 13. a3 Nc6 14. cxd5 exd5 15. Bh3 Rc7 16. Nb5 Rc8 17. Nxa7 Nxa7 18. Qxa7 Rc7 19. Qxb6 cxd4 20. Nxf7 1-0

[Event "7th Paul Keres Memorial Festival 2026 Rapid"]
[Site "ESTONIA Resort Hotel & Spa conference center, EE"]
[Date "2026.08.02"]
[Round "8"]
[White "Harikrishnan.A.Ra"]
[Black "Dubrovin, Robert"]
[Result "1-0"]
[Board "5"]
[TimeControl "12+3"]
[WhiteFideId "5081483"]
[BlackFideId "4501829"]
[WhiteElo "2404"]
[BlackElo "2268"]
[WhiteTitle "GM"]
[WhiteClock "0:00:01"]
[BlackClock "0:00:02"]
[Variant "Standard"]
[EndDate "2026.08.02"]
[EndTime "12:22:05"]

1. d4 e6 2. Bf4 d5 3. e3 Nf6 4. c3 Bd6 5. Nd2 Bxf4 6. exf4 O-O 7. Ngf3 b6 8. Bd3 Ba6 9. Bxa6 Nxa6 10. h4 c5 11. Qe2 Nb8 12. h5 Nc6 13. h6 g6 14. Ne5 Qc7 15. Nxc6 Qxc6 16. Qe5 Ne8 17. O-O f6 18. Qe3 cxd4 19. cxd4 Qd7 20. Rfe1 Kf7 21. Rac1 Rc8 22. Rxc8 Qxc8 23. Qa3 Qd7 24. g4 Nd6 25. g5 Nc4 26. Nxc4 dxc4 27. gxf6 Re8 28. Re5 Kxf6 29. Qc3 Kf7 30. Kf1 Rc8 31. a4 Qxa4 32. Qf3 Qc6 33. d5 exd5 34. f5 Kg8 35. Re6 Qd7 36. Qe3 Rf8 37. fxg6 d4 38. Qe5 hxg6 39. Rxg6+ 1-0